 Dungeon Crawl Stone Soup version 0.31.0-32-g396128a36d (webtiles) character file.

Game seed: 12733333146287815629

858 Doomgape the Covert (level 7, -3/33 HPs)
             Began as a Spriggan Brigand on Mar 27, 2024.
             Slain by a water moccasin (6 damage)
             ... on level 6 of the Dungeon.
             The game lasted 00:17:52 (3988 turns).

Doomgape the Covert (Spriggan Brigand)              Turns: 3988, Time: 00:17:52

Health: -3/33      AC:  3    Str:  7    XL:     7   Next: 71%
Magic:  8/8        EV: 20    Int: 12    God:
Gold:   331        SH:  0    Dex: 19    Spells: 6/6 levels left

rFire   . . .        h - +1 dagger (venom)
rCold   . . .        (no shield)
rNeg    . . .        b - +0 robe
rPois   .            (helmet restricted)
rElec   .            m - +0 cloak {Will+}
rCorr   .            (gloves unavailable)
SInv    +            (boots unavailable)
Will    ++...        i - amulet of regeneration
Stlth   ++++         (no ring)
HPRegen 1.05/turn    (no ring)
MPRegen 0.11/turn

%: no passive effects
@: lethally poisoned (-3 -> -3), very quick
A: very small, no large weapons, unfitting armour, see invisible, speed 3
a: no special abilities


You were on level 6 of the Dungeon.
You visited 1 branch of the dungeon, and saw 6 of its levels.
You also visited: Sewer.

You collected 331 gold pieces.

Inventory:

Hand Weapons
 h - a +1 dagger of venom (weapon)
Missiles
 e - 3 curare-tipped darts
 j - 8 poisoned darts (quivered)
 l - 5 atropa-tipped darts
Armour
 b - a +0 robe (worn)
 c - a +0 cloak
 m - a +0 cloak of willpower (worn)
Jewellery
 i - an amulet of regeneration (around neck)
 n - a ring of wizardry
 t - an amulet of faith
 v - a ring of ice
Scrolls
 a - 3 scrolls of fear
 d - 2 scrolls of teleportation
 f - 2 scrolls of noise
 g - 4 scrolls of identify
 s - 2 scrolls of blinking {unknown}
 u - 2 scrolls of enchant weapon {unknown}
 w - a scroll of fog {unknown}
 y - 2 scrolls of revelation
Potions
 k - a potion of heal wounds {unknown}
 o - 2 potions of lignification {unknown}
 p - 2 potions of attraction {unknown}
 q - a potion of curing {unknown}
 r - a potion of might {unknown}
 x - 4 potions of enlightenment


   Skills:
 - Level 1.5 Fighting
 + Level 5.2 Short Blades
 + Level 4.8 Throwing
 + Level 5.7 Dodging
 + Level 9.0 Stealth


You had 6 spell levels left.
You didn't know any spells.
Your spell library contained the following spells:

 Spells                   Type           Power      Damage    Failure   Level
 Kiss of Death            Conj/Necr      0%         2d5       32%         1
 Confusing Touch          Hex            0%         N/A       69%         3
 Dispel Undead            Necr           0%         3d6       97%         4


Dungeon Overview and Level Annotations

Branches:
Dungeon (6/15)              Sewer (visited)
 Temple: D:4-7

Altars:
Ashenzari
Cheibriados
Kikubaaqudgha
Nemelex Xobeh
Okawaru
Uskayaw
The Shining One


Innate Abilities, Weirdness & Mutations

You are very small and have problems with some larger weapons.
You are too small for most types of armour.
You have supernaturally acute eyesight. (SInv)
You cover ground extremely quickly. (Speed+++)


Message History

You hit the water moccasin.
The water moccasin is heavily wounded.
You feel very sick. The water moccasin bites you.
You closely miss the water moccasin.
The water moccasin is heavily wounded.
You feel sick.
The water moccasin bites you but does no damage.
You hit the water moccasin.
The water moccasin is severely wounded.
You feel sick. The water moccasin bites you.
You are more poisoned.
The water moccasin poisons you!
You are too injured to fight recklessly!
You hit the water moccasin.
The water moccasin is severely wounded.
You feel very sick. The water moccasin misses you.
You closely miss the water moccasin.
The water moccasin is severely wounded.
You feel sick.
The water moccasin completely misses you.
You miss the water moccasin.
The water moccasin is severely wounded.
You feel sick. The water moccasin closely misses you.
You hit the water moccasin but do no damage.
The water moccasin is severely wounded.
You feel sick. The water moccasin closely misses you.
You hit the water moccasin.
The water moccasin is almost dead.
You feel sick. The water moccasin closely misses you.
You barely miss the water moccasin.
The water moccasin is almost dead.
You feel sick.
The water moccasin completely misses you.
You hit the water moccasin but do no damage.
The water moccasin is poisoned.
The water moccasin is almost dead.
You feel sick. The water moccasin bites you.
You die...

.?. #.. ... #.#
##.## ... #S#
#@# #.# ###.# #
#...###.#
#.###.#......>#
.......<#####.#
....>#..# #...
#... #.. #....


You could see a water moccasin (very poisoned).

Vanquished Creatures
  An ice beast (D:5)
  An ogre (D:5)
  A phantom (D:5)
  A brain worm (Sewer)
  2 scorpions (D:5)
  Crazy Yiuf (D:3)
  3 hounds
  2 orc wizards (D:4)
  Robin (D:2)
  7 adders
  5 ufetubi
  2 adder zombies (D:2)
  4 ribbon worms
  2 dart slugs (Sewer)
  9 orcs
  13 bats
  2 bat zombies (D:2)
  9 endoplasms
  4 giant cockroaches
  20 goblins
  6 hobgoblins
  6 jackals
  4 quokkas
  13 ball pythons
  3 ball python zombies (D:2)
  7 frilled lizards
  6 kobolds
  10 rats
145 creatures vanquished.

Notes
Turn   | Place    | Note
-------+----------+-------------------------------------------
     0 | D:1      | Doomgape the Spriggan Brigand began the quest for the Orb.
     0 | D:1      | Reached XP level 1. HP: 10/10 MP: 2/2
   108 | D:1      | Reached skill level 6 in Stealth
   146 | D:1      | Reached XP level 2. HP: 14/14 MP: 3/3
   496 | D:1      | Reached XP level 3. HP: 18/18 MP: 4/4
   819 | D:2      | Found a snail-covered altar of Cheibriados.
  1103 | D:2      | Reached XP level 4. HP: 22/22 MP: 5/5
  1297 | D:2      | Noticed Robin
  1395 | D:2      | Killed Robin
  1651 | D:3      | Reached skill level 7 in Stealth
  1651 | D:3      | Reached XP level 5. HP: 17/25 MP: 6/6
  1740 | D:3      | Identified the +0 mace of Rubbish {heavy, rN+ Int+3 Dex+2
                  | SInv}
  1798 | D:3      | Found a runed translucent door.
  1799 | D:3      | Noticed Crazy Yiuf
  1811 | D:3      | Killed Crazy Yiuf
  1946 | D:3      | Found a faded altar of an unknown god.
  2021 | D:3      | Found a glowing golden altar of the Shining One.
  2220 | D:3      | Found an iron altar of Okawaru.
  2481 | D:4      | Reached XP level 6. HP: 28/30 MP: 7/7
  2806 | D:5      | Entered Level 5 of the Dungeon
  2811 | D:5      | Found an ancient bone altar of Kikubaaqudgha.
  2837 | D:5      | Found a broken altar of Ashenzari.
  2847 | D:5      | Found a hide-covered altar of Uskayaw.
  3053 | D:5      | Noticed an ice beast
  3103 | D:5      | Killed an ice beast
  3104 | D:5      | Reached skill level 8 in Stealth
  3177 | D:5      | Found a sparkling altar of Nemelex Xobeh.
  3229 | D:5      | Reached XP level 7. HP: 20/33 MP: 8/8
  3235 | D:5      | Reached skill level 5 in Dodging
  3440 | D:5      | Reached skill level 5 in Short Blades
  3515 | D:5      | Found a glowing drain.
  3558 | Sewer    | Entered a sewer
  3853 | Sewer    | Reached skill level 9 in Stealth
  3988 | D:6      | Slain by a water moccasin

Illustrated notes

Levels and vault maps discovered:
D:1:      tarquinn_simple_flora_water_c, layout_loops_ring
D:2:      layout_basic, basic_altar, serial_undead, serial_undead_c,
          serial_undead_d, serial_undead_d, serial_undead_b, uniq_robin
D:3:      layout_basic, kennysheep_okawaru_gauntlet,
          nicolae_overflow_hidden_temple, ebering_ecumenical_altar_webs,
          uniq_crazy_yiuf_cottage
D:4:      cheibrodos_fertilizer, layout_basic
D:5:      layout_rooms, nemelex_xobeh_ov_fountains_minmay,
          kiku_gazebo_garden_becter, mainiacjoe_overflow_tiny_flanked,
          lemuel_doored_altar, portal_sewer_entry_b, serial_bayou_ford_a,
          minmay_misc_feat_diagonals, nicolae_eternal_life
D:6:      hangedman_cross_stitches, layout_loops_ring, temple_statues

Skill      XL: |  1  2  3  4  5  6  7 |
---------------+----------------------+-----
Stealth        | 6 7 8 9 |  9.0
Dodging        | 2 3 4 5 |  5.7
Short Blades   | 3 4 5 |  5.2
Throwing       | 3 4 |  4.8
Fighting       | |  1.5

Action                     |  1- 3 |  4- 6 |  7- 9 || total
---------------------------+-------+-------+-------++-------
  Melee: Dagger            |   130 |   227 |   131 ||   488
         Punch             |     1 |     5 |     1 ||     7
  Throw: Dart              |     1 |    34 |       ||    35
    Use: Scroll            |     2 |     2 |       ||     4
   Stab: Sleeping          |    13 |     7 |     7 ||    27
         Distracted        |       |     1 |       ||     1
 Armour: Robe              |    40 |    77 |    35 ||   152
  Dodge: Dodged            |    97 |   186 |   137 ||   420
